 Dungeon Crawl Stone Soup version 0.27-a0-1232-gc6a4cbde82 (webtiles) character file.

Game seed: 8190364793646170373

53 deletemesenpai the Chopper (level 3, 0/33 HPs)
             Began as a Hill Orc Fighter on June 8, 2021.
             Succumbed to a kobold's poison
             ... on level 2 of the Dungeon.
             The game lasted 00:08:42 (1102 turns).

deletemesenpai the Chopper (Hill Orc Fighter)       Turns: 1102, Time: 00:08:42

Health: 0/33       AC:  8    Str: 19    XL:     3   Next: 87%
Magic:  3/3        EV:  9    Int:  8    God:
Gold:   38         SH:  4    Dex: 10    Spells: 2/2 levels left

rFire    . . .     SeeInvis .   a - +0 war axe
rCold    . . .     Faith    .   e - +0 buckler
rNeg     . . .     Spirit   .   b - +0 scale mail
rPois    .         Reflect  .   (no helmet)
rElec    .         Harm     .   (no cloak)
rCorr    .         Rampage  .   f - +0 pair of gloves
Will     .....                  (no boots)
Stlth    ..........             (no amulet)
HPRegen  0.11/turn              (no ring)
MPRegen  0.08/turn              (no ring)

@: brilliant, lethally poisoned (0 -> -3)
A: no striking features
a: no special abilities


You were on level 2 of the Dungeon.
You visited 1 branch of the dungeon, and saw 3 of its levels.

You collected 38 gold pieces.

Inventory:

Hand Weapons
 a - a +0 war axe (weapon)
 i - a +0 long sword
 p - a +0 flail
Missiles
 j - 33 stones (quivered)
Armour
 b - a +0 scale mail (worn)
 c - a +0 kite shield
 e - a +0 buckler (worn)
 f - a +0 pair of gloves (worn)
 h - a +0 ring mail
Scrolls
 g - a scroll of torment
 m - a scroll of blinking {unknown}
 q - a scroll of identify {unknown}
Potions
 d - a potion of might


   Skills:
 - Level 4.1 Fighting
 - Level 4.2 Axes
 - Level 3.6 Armour
 * Level 3.5 Shields


You had 2 spell levels left.
You didn't know any spells.
Your spell library contained the following spells:

 Spells                   Type           Power      Damage    Failure   Level
 Confusing Touch          Hex            0%         N/A       99%         3
 Gell's Gravitas          Tloc           0%         N/A       99%         3
 Petrify                  Tmut/Erth      0%         N/A       100%        4
 Metabolic Englaciation   Hex/Ice        0%         N/A       100%        5
 Yara's Violent Unravell  Hex/Tmut       0%         3d3       100%        5


Dungeon Overview and Level Annotations

Branches:
Dungeon (3/15)

Altars:

Annotations:
D:2 Sigmund
D:3 Grinder


Message History

You block the bat's attack. The bat hits you.
Found two stone staircases leading up.
The bat hits you but does no damage. The bat hits you.
* * * LOW HITPOINT WARNING * * *
Found a twisted filigree amulet.
Grinder blinks!
You block the bat's attack. The bat hits you but does no damage.
The bat hits you but does no damage. The bat misses you.
There is a stone staircase leading up here.
The bat barely misses you. The bat hits you but does no damage.
The kobold throws a poisoned dart.
The poisoned dart hits you!
You are lethally poisoned!
You climb upwards.
Level annotation: Sigmund
* * * LOW HITPOINT WARNING * * *
You feel very sick.
There is a stone staircase leading down here.
There is a lethal amount of poison in your body!
It was a potion of cancellation.
You feel magically purged.
* * * LOW HITPOINT WARNING * * *
You feel sick.
It was a potion of brilliance.
You feel clever all of a sudden.
* * * LOW HITPOINT WARNING * * *
You feel sick.
As you read the scroll labelled LUECOY DOCYO, it crumbles to dust.
Your body is wracked with pain!
* * * LOW HITPOINT WARNING * * *
It was a scroll of torment.
* * * LOW HITPOINT WARNING * * *
You feel sick.
As you read the scroll labelled BAIJINTOMU, it crumbles to dust.
You speak a Word of immense power!
It was a scroll of holy word.
* * * LOW HITPOINT WARNING * * *
You feel sick.
As you read the scroll labelled IMNEMO OCOIMP, it crumbles to dust.
Wisps of shadow whirl around you...
It was a scroll of summoning.
You die...

...# ######...####
#.........<..
#........# #
#.###.#..# #. #.#
#.# .#
#.##.###.#..###
###w..............
#..gw@.....#######
#.####.###$# # #.#
#.# ##.# #.# #..#
#.. #### #.(# #.#
..# #..# .# #.#
#..# #.# .# .#
###.###.###@.###.#
.#


You could see a friendly worm (summoned), a friendly dart slug (summoned) and a
friendly hobgoblin (summoned).

Vanquished Creatures
  2 adders
  A worm (D:2)
  2 dart slugs
  2 orcs (D:3)
  3 ball pythons
  2 giant cockroaches (D:1)
  A goblin (D:1)
  3 hobgoblins (D:1)
  3 jackals
  2 frilled lizards
  2 kobolds (D:1)
  4 rats
27 creatures vanquished.

Notes
Turn   | Place    | Note
-------+----------+-------------------------------------------
     0 | D:1      | deletemesenpai the Hill Orc Fighter began the quest for the
                  | Orb.
     0 | D:1      | Reached XP level 1. HP: 19/19 MP: 1/1
   127 | D:1      | Reached XP level 2. HP: 25/27 MP: 2/2
   312 | D:1      | Found a faded altar of an unknown god.
   401 | D:1      | You fall into a shaft and drop 1 floor!
   538 | D:2      | Reached XP level 3. HP: 25/33 MP: 3/3
   682 | D:2      | Noticed Sigmund
  1068 | D:3      | Noticed Grinder
  1073 | D:3      | Paralysed by Grinder for 2 turns
  1101 | D:2      | HP: 1/33 [poisoned by a kobold]
  1102 | D:2      | Succumbed to a kobold's poison

Illustrated notes

Levels and vault maps discovered:
D:1:      erik_arrival_cave_to_civilisation [erik_arrival_cave_to_hall],
          layout_rooms, chequers_ecumenical_altar_twisty,
          minmay_strange_pillars, grunt_decor_junction
D:2:      layout_loops_ring, uniq_sigmund
D:3:      layout_basic, nicolae_qazlal_eye_of_the_storm, dk_noncrumbling_3,
          item_on_display_a, uniq_natasha, uniq_grinder

Skill      XL: |  1  2  3 |
---------------+----------+-----
Axes           | 3 4 |  4.2
Fighting       | 4 |  4.1
Armour         | |  3.6
Shields        | |  3.5

Action                   || total
-------------------------++-------
Melee: War axe           ||    94
  Use: Scroll            ||     3
       Potion            ||     2
Armor: Scale mail        ||    74
Dodge: Dodged            ||    52
Block: Kite shield       ||    11
       Buckler           ||    22

Table legend: (Time is in decaauts)
 A = Elapsed time spent in this place.
 B = Non-inter-level travel time spent in this place.
 C = Inter-level travel time spent in this place.
 D = Time resting spent in this place.
 E = Time spent auto-exploring this place.
 F = Levels seen in this place.
 G = Mean time per level.
                   A        B        C        D        E       F      G
               +--------+--------+--------+--------+--------+-----+--------+
         Total |   1141 |   1141 |      0 |    241 |     22 |   3 |  380.3 |
       Dungeon |   1141 |   1141 |      0 |    241 |     22 |   3 |  380.3 |
               +--------+--------+--------+--------+--------+-----+--------+

Top non-repeatable levels by time:
     D:1: 427 daAuts
     D:3: 387 daAuts
     D:2: 327 daAuts
